 Dungeon Crawl Stone Soup version 0.18.1-6-gd335043 (webtiles) character file.

41458 inmateoo the Bludgeoner (level 14, -2/167 (168) HPs)
             Began as an Ogre Gladiator on May 20, 2016.
             Was the Champion of Okawaru.
             Shot with a bolt by a yaktaur (3 damage)
             ... on level 15 of the Dungeon.
             The game lasted 00:23:24 (16652 turns).

inmateoo the Bludgeoner (Ogre Gladiator)           Turns: 16652, Time: 00:23:25

HP:   -2/167 (168)  AC: 20    Str: 30    XL:     14   Next: 15%
MP:   21/21         EV: 13    Int:  0    God:    Okawaru [******]
Gold: 1142          SH:  0    Dex: 10    Spells: 1 memorised, 7 levels left

rFire  + . .     SeeInvis .     R - +2 great mace (drain)
rCold  . . .     Gourm    .     N - +2 pearl dragon armour
rNeg   + . .     Faith    .     (shield currently unavailable)
rPois  .         Spirit   .     c - +1 hat
rElec  .         Dismiss  .     u - +2 cloak
rCorr  .         Reflect  .     (gloves unavailable)
SustAt +         Harm     .     (boots unavailable)
MR     +....                    t - amulet of magic regeneration
Stlth  ..........               a - ring of sustain attributes
                                C - ring of protection from fire

@: very slightly contaminated, hasted and slowed, lost intelligence, invisible,
somewhat resistant to hostile enchantments, extremely unstealthy
A: unfitting armour, claws 1, repulsion field 1, icy blue scales 1, iridescent
scales 1, deformed body, dopey 2, sense surroundings 1, robust 1, screaming 2,
tough skin 1, wild magic 2
a: Heroism, Finesse, Renounce Religion


You were on level 15 of the Dungeon.
You worshipped Okawaru.
Okawaru was exalted by your worship.
You were very hungry.

You visited 1 branch of the dungeon, and saw 15 of its levels.
You also visited: Ice Cave.

You collected 1142 gold pieces.

Inventory:

Hand Weapons
 p - a +2 flail of crushing
 x - a +1 giant spiked club of chaos
 R - a +2 great mace of draining (weapon)
 S - a +3 dire flail of holy wrath
Missiles
 d - 2 throwing nets (quivered)
 J - 7 large rocks
Armour
 c - a +1 hat (worn)
 u - a +2 cloak (worn)
 N - a +2 pearl dragon armour (worn)
Jewellery
 a - a ring of sustain attributes (right claw)
 g - an uncursed ring of ice
 i - a cursed amulet of inaccuracy {unknown}
 t - an amulet of magic regeneration (around neck)
 v - an uncursed ring of positive energy
 C - a ring of protection from fire (left claw)
 D - an uncursed ring of fire
Wands
 z - a wand of confusion (30/48)
 A - a wand of paralysis (8/24)
 E - a wand of flame (24/48)
 F - a wand of flame (20/48)
 H - a wand of digging (7/24)
 Q - a wand of iceblast (6/15)
Scrolls
 j - 2 scrolls of fear
 m - 4 scrolls of fog
 o - 8 scrolls of remove curse
 w - 2 scrolls of teleportation
 y - 5 scrolls of recharging
 P - a scroll of identify
Potions
 e - 2 potions of agility
 l - 3 potions of brilliance
 r - 4 potions of cancellation
 B - 5 potions of curing
 G - 2 potions of lignification
 I - a potion of might
 K - a potion of berserk rage {unknown}
 L - 2 potions of haste
 O - a potion of magic {unknown}
Books
 b - a book of Misfortune

   Spells                             Type                      Level
   a - Confusing Touch                Hexes                        2
   b - Confuse                        Hexes                        3
   c - Gell's Gravitas                Hexes/Translocation          3
   d - Petrify                        Transmutation/Earth          4
   e - Metabolic Englaciation         Hexes/Ice                    5
   f - Yara's Violent Unravelling     Hexes/Transmutation          5
 M - a book of Transfigurations

   Spells                             Type                      Level
   a - Irradiate                      Conjuration/Transmutation    5
   b - Statue Form                    Transmutation/Earth          6
   c - Hydra Form                     Transmutation                6
   d - Dragon Form                    Transmutation                7
Comestibles
 f - 6 bread rations
 h - 3 royal jellies
 n - 6 meat rations
 q - 34 fruits
 s - 2 beef jerkies


   Skills:
 + Level 13.1 Fighting
 * Level 16.9 Maces & Flails
 + Level 7.5 Throwing
 + Level 6.6 Armour
 + Level 9.6 Dodging
 + Level 10.5 Invocations


You had 7 spell levels left.
You knew the following spells:

 Your Spells              Type           Power        Failure   Level  Hunger
a - Statue Form           Trmt/Erth      #........    100%        6    #######


Dungeon Overview and Level Annotations

Branches:
Dungeon (15/15)              Lair (0/8) D:9             Orc (0/2) D:11
 Vaults (0/5) D:13
 Temple: D:4-7       Depths: D:15

Altars:
Ashenzari
Dithmenos
Elyvilon
Kikubaaqudgha
Makhleb
Okawaru
Xom
Yredelemnul

Annotations:
D:5 inmateoo's ghost, novice OgAM
D:12 Maurice


Innate Abilities, Weirdness & Mutations

You are too large for most types of armour.
You have tough skin (AC +1).
You have sharp fingernails.
You are surrounded by a mild repulsion field (EV +2).
You are partially covered in icy blue scales (AC +1).
You are partially covered in iridescent scales (AC +4).
Armour fits poorly on your strangely shaped body.
You are very dopey. (Int -4)
You passively map a small area around you.
You are robust (+10% HP).
You sometimes yell uncontrollably at your foes.
Your spells are harder to cast, but more powerful.


Message History

You see here 2 bolts.
Read which item? (? for menu, Esc to quit)
Okay, then.
Drink which item? (? for menu, Esc to quit)
You fade into invisibility!
Something completely misses you.
The yaktaur shoots a bolt.
The bolt hits you!
* * * LOW HITPOINT WARNING * * *
The bolt freezes you.
* * * LOW HITPOINT WARNING * * *
The shadow hits you.
The yaktaur shoots a bolt. x2
You are very lightly contaminated with residual magic.
Drink which item? (? for menu, Esc to quit)
It was a potion of haste.
You feel yourself speed up.
The shadow slips into darkness.
The shadow flickers and vanishes!
Deactivating autopickup; reactivate with Ctrl-A.
The yaktaur shoots a bolt.
The bolt hits you!
* * * LOW HITPOINT WARNING * * *
The bolt freezes you.
You die...

, * * * ...........#
#.c....♣...# *
#ccc...♣)..# , ,*,
#..........# ###
#..........# ,
....#....♣.....# * * ##
#.#...(($......+ , ,.. *
#......@.))...(###### *#
####...{((†.........####
, ,
..........%.............
####........#.......#.##
#.######.#.#.#####.# *
#.* #.#.#.......# , #
#.#.######### , , ,
..#.# * * , ###.# ,,


You could see 4 yaktaurs.

Vanquished Creatures
  Gastronok (D:11)
  Josephine (D:11)
  Fannar (D:11)
  2 hydras
  2 centaur warriors
  2 dancing weapons (D:13)
  A tengu warrior (D:14)
  Nergalle (D:12)
  Sonja (D:12)
  8 skeletal warriors
  2 unseen horrors
  3 hill giants
  Pikel (D:9)
  A necromancer (D:12)
  3 deep elf magi
  A cyclops (D:11)
  5 ugly things
  3 molten gargoyles (D:9)
  A gargoyle (D:14)
  Psyche (D:10)
  5 centaur skeletons
  A freezing wraith (D:15)
  2 komodo dragons
  4 trolls
  2 two-headed ogres
  A wind drake (shapeshifter) (D:15)
  A raiju (shapeshifter) (D:13)
  The ghost of inmateoo the Skirmisher, an amateur GrWn of the Shining One (D:4)
  A centaur simulacrum (D:14)
  A vampire (D:15)
  2 wyverns
  17 yaks
  7 wraiths
  2 hungry ghosts
  3 hippogriffs
  2 mottled dragons
  13 vampire mosquitoes
  A soldier ant (D:13)
  2 crocodiles
  A swamp drake (D:11)
  A black bear (D:6)
  18 ice beasts
  8 orc warriors
  A necrophage (D:11)
  10 ogres
  2 sky beasts
  5 phantoms
  A slave (D:9)
  2 eyes of draining
  7 centaurs
  5 big kobolds
  An elf zombie (D:13)
  A gnoll sergeant (D:6)
  8 giant frogs
  2 wyvern zombies (D:12)
  A scorpion (D:6)
  A troll zombie (D:13)
  A killer bee (D:8)
  2 vampire bats (D:8)
  7 wights
  9 howler monkeys
  A lava snake (D:9)
  6 crimson imps
  A giant frog zombie (D:6)
  2 centaur zombies
  A quasit (D:13)
  8 hounds
  7 jellies
  3 human zombies (D:13)
  13 orc priests
  Crazy Yiuf (D:2)
  A giant frog skeleton (D:4)
  2 human skeletons (D:13)
  10 iguanas
  6 orc wizards
  9 worker ants
  Terence (D:3)
  A polar bear simulacrum (D:12)
  A wolf simulacrum (D:12)
  5 yak simulacra (D:12)
  An ogre zombie (D:13)
  A hound zombie (D:5)
  A hound skeleton (D:4)
  2 mummies (D:13)
  A worker ant zombie (D:9)
  9 gnolls
  12 adders
  3 shadow imps
  An adder zombie (D:7)
  5 worms
  3 dart slugs (D:1)
  12 giant geckos
  52 orcs
  A ball python (D:3)
  8 bats
  4 bat skeletons (D:8)
  2 bat zombies (D:8)
  4 giant cockroaches
  9 goblins
  9 hobgoblins
  7 jackals
  24 kobolds
  A quokka (D:3)
  5 giant newts
  An orc skeleton (D:13)
  22 rats
  4 river rat simulacra (D:12)
486 creatures vanquished.

Vanquished Creatures (others)
  An unseen horror (D:15)
  A molten gargoyle (D:9)
  A slave (D:9)
  An ogre (D:9)
  A bat (D:9)
  3 rats (D:9)
8 creatures vanquished.

Grand Total: 494 creatures vanquished

Notes
Turn   | Place    | Note
--------------------------------------------------------------
     0 | D:1      | inmateoo the Ogre Gladiator began the quest for the Orb.
     0 | D:1      | Reached XP level 1. HP: 22/22 MP: 1/1
   350 | D:1      | Reached XP level 2. HP: 19/31 MP: 2/2
   632 | D:1      | Reached XP level 3. HP: 32/37 MP: 3/3
  1058 | D:1      | Reached skill level 5 in Maces & Flails
  1175 | D:1      | Reached XP level 4. HP: 48/48 MP: 4/4
  1622 | D:2      | Found a faded altar to an unknown god.
  1629 | D:2      | Found a shadowy altar of Dithmenos.
  1636 | D:2      | Became a worshipper of Warmaster Okawaru
  1636 | D:2      | Reached * piety under Okawaru
  1823 | D:2      | Reached skill level 1 in Invocations
  1905 | D:2      | Reached XP level 5. HP: 54/54 MP: 5/5
  2494 | D:2      | Noticed Crazy Yiuf
  2498 | D:2      | Killed Crazy Yiuf
  3271 | D:3      | Found a shimmering altar of Xom.
  3353 | D:3      | Noticed Terence
  3371 | D:3      | Killed Terence
  3371 | D:3      | Reached XP level 6. HP: 63/63 MP: 7/7
  3628 | D:3      | Reached skill level 6 in Maces & Flails
  4751 | D:3      | Reached skill level 5 in Fighting
  5045 | D:4      | Noticed inmateoo's ghost (amateur GrWn)
  5090 | D:4      | Reached XP level 7. HP: 34/72 MP: 9/9
  5113 | D:5      | Entered Level 5 of the Dungeon
  5138 | D:5      | Gained mutation: Your body sometimes deteriorates upon taking damage. [potion of mutation]
  5138 | D:5      | Gained mutation: You are agile. (Dex +2) [potion of mutation]
  5138 | D:5      | Gained mutation: You have sharp fingernails. [potion of mutation]
  5139 | D:5      | Gained mutation: You are dopey. (Int -2) [potion of mutation]
  5139 | D:5      | Gained mutation: You expend magic power (3 MP) to strengthen your wands. [potion of mutation]
  5187 | D:5      | Reached skill level 7 in Maces & Flails
  5250 | D:5      | Noticed inmateoo's ghost (novice OgAM)
  6035 | D:4      | Killed inmateoo's ghost
  6035 | D:4      | Reached ** piety under Okawaru
  6035 | D:4      | Reached skill level 8 in Maces & Flails
  6035 | D:4      | Reached XP level 8. HP: 66/83 MP: 7/11
  6363 | D:6      | Found a shattered altar of Ashenzari.
  6527 | D:6      | Lost mutation: Your body sometimes deteriorates upon taking damage. [potion of cure mutation]
  6527 | D:6      | Lost mutation: You expend magic power (3 MP) to strengthen your wands. [potion of cure mutation]
  6527 | D:6      | Lost mutation: You are agile. (Dex +2) [potion of cure mutation]
  6528 | D:6      | Gained mutation: You passively map a small area around you. [potion of beneficial mutation]
  6530 | D:6      | Gained mutation: You are robust (+10% HP). [potion of beneficial mutation]
  6595 | D:6      | Reached skill level 5 in Dodging
  6732 | D:6      | Reached skill level 9 in Maces & Flails
  6802 | D:6      | Reached skill level 5 in Invocations
  6885 | D:6      | Reached XP level 9. HP: 87/102 MP: 12/12
  6892 | D:6      | Found a burning altar of Makhleb.
  6917 | D:6      | Reached *** piety under Okawaru
  6927 | D:6      | Reached skill level 10 in Maces & Flails
  7663 | D:7      | Found a white marble altar of Elyvilon.
  7686 | D:7      | Reached **** piety under Okawaru
  7697 | D:7      | Identified a +0 rod of shadows (14/14) (You found it on level 7 of the Dungeon)
  7927 | D:7      | Reached skill level 11 in Maces & Flails
  8574 | D:8      | Reached skill level 1 in Armour
  8647 | D:8      | Reached XP level 10. HP: 79/116 MP: 14/14
  8868 | D:8      | Got a shimmering quarterstaff
  8869 | D:8      | Identified the +5 quarterstaff "Undertaker" {freeze, rC+ Str+3} (You found it on level 8 of the Dungeon)
  9091 | D:8      | Found an ancient bone altar of Kikubaaqudgha.
  9190 | D:9      | Noticed Pikel
  9203 | D:9      | Killed Pikel
  9203 | D:9      | Reached skill level 12 in Maces & Flails
  9514 | D:9      | Gained mutation: Your spells are a little harder to cast, but a little more powerful. [potion of mutation]
  9514 | D:9      | Gained mutation: You are agile. (Dex +2) [potion of mutation]
  9514 | D:9      | Gained mutation: You occasionally shout uncontrollably at your foes. [potion of mutation]
  9541 | D:9      | Reached ***** piety under Okawaru
  9662 | D:9      | Killed a molten gargoyle
  9726 | D:9      | Found a staircase to the Lair.
  9740 | D:9      | Noticed a molten gargoyle
  9746 | D:9      | Noticed a molten gargoyle
  9751 | D:9      | Killed a molten gargoyle
  9760 | D:9      | Noticed a molten gargoyle
  9768 | D:9      | Killed a molten gargoyle
  9776 | D:9      | Killed a molten gargoyle
 10236 | D:10     | Entered Level 10 of the Dungeon
 10266 | D:10     | Received a gift from Okawaru
 10266 | D:10     | Reached skill level 10 in Fighting
 10271 | D:10     | Reached XP level 11. HP: 113/128 MP: 16/16
 10364 | D:10     | Reached skill level 13 in Maces & Flails
 10574 | D:10     | Noticed a hill giant
 10575 | D:10     | Noticed Psyche
 10590 | D:10     | Killed a hill giant
 10598 | D:10     | Killed Psyche
 10672 | D:10     | Gained mutation: You sometimes yell uncontrollably at your foes. [mutagenic meat]
 10674 | D:10     | Gained mutation: You are partially covered in iridescent scales (AC +4). [mutagenic meat]
 10675 | D:10     | Lost mutation: Your spells are a little harder to cast, but a little more powerful. [mutagenic meat]
 10724 | D:10     | Noticed a hill giant
 10745 | D:10     | Killed a hill giant
 10765 | D:10     | Noticed a centaur warrior
 10782 | D:10     | Killed a centaur warrior
 10784 | D:10     | Received a gift from Okawaru
 11238 | D:11     | Noticed Josephine
 11252 | D:11     | Killed Josephine
 11278 | D:11     | Noticed a skeletal warrior
 11278 | D:11     | Noticed a skeletal warrior
 11278 | D:11     | Noticed a skeletal warrior
 11332 | D:10     | Killed a skeletal warrior
 11454 | D:10     | Reached skill level 14 in Maces & Flails
 11707 | D:11     | Reached XP level 12. HP: 128/140 MP: 13/18
 11751 | D:11     | Found a frozen archway.
 11765 | IceCv    | Entered an ice cave
 12035 | D:11     | Found a staircase to the Orcish Mines.
 12378 | D:11     | Gained mutation: You are partially covered in icy blue scales (AC +1). [mutagenic meat]
 12379 | D:11     | Lost mutation: You are agile. (Dex +2) [mutagenic meat]
 12380 | D:11     | Gained mutation: Scrolls take you a little longer to read. [mutagenic meat]
 12691 | D:11     | Reached skill level 5 in Throwing
 12744 | D:11     | Noticed Gastronok
 12807 | D:11     | Killed Gastronok
 12807 | D:11     | Reached skill level 5 in Armour
 12917 | D:11     | Noticed Fannar
 12947 | D:11     | Killed Fannar
 12947 | D:11     | Reached skill level 15 in Maces & Flails
 13124 | D:12     | Noticed Maurice
 13170 | D:11     | Learned a level 6 spell: Statue Form
 13237 | D:11     | Gained mutation: Armour fits poorly on your strangely shaped body. [mutagenic meat]
 13297 | D:12     | Noticed Nergalle
 13311 | D:12     | Killed Nergalle
 13551 | D:12     | Reached ****** piety under Okawaru
 13621 | D:12     | Lost mutation: Scrolls take you a little longer to read. [potion of mutation]
 13621 | D:12     | Gained mutation: You are surrounded by a mild repulsion field (EV +2). [potion of mutation]
 13774 | D:12     | Gained mutation: You are very dopey. (Int -4) [potion of mutation]
 13774 | D:12     | Gained mutation: Your spells are a little harder to cast, but a little more powerful. [potion of mutation]
 13857 | D:12     | Reached XP level 13. HP: 151/153 MP: 20/20
 14025 | D:12     | Noticed Sonja
 14033 | D:12     | Killed Sonja
 14033 | D:12     | Received a gift from Okawaru
 14188 | D:13     | Found a basalt altar of Yredelemnul.
 14588 | D:13     | Found a basalt altar of Yredelemnul.
 14684 | D:13     | Found a gate to the Vaults.
 14917 | D:13     | Reached skill level 16 in Maces & Flails
 15472 | D:14     | Received a gift from Okawaru
 15472 | D:14     | Reached skill level 10 in Invocations
 15932 | D:14     | Received a gift from Okawaru
 15950 | D:14     | Gained mutation: Your spells are harder to cast, but more powerful. [mutagenic meat]
 16062 | D:15     | Entered Level 15 of the Dungeon
 16104 | D:15     | Received a gift from Okawaru
 16204 | D:15     | Drew Focus: Str increased to 28, Int decreased to 6
 16207 | D:15     | Drew Focus: Str increased to 29, Int decreased to 5
 16209 | D:15     | Lost intelligence.
 16209 | D:15     | Drew Focus: Str increased to 30, Int decreased to 4
 16252 | D:15     | Reached XP level 14. HP: 136/164 MP: 21/21
 16652 | D:15     | HP: 1/167 [yaktaur/bolt (11)]
 16652 | D:15     | Shot with a bolt by a yaktaur

Skill      XL: |  1  2  3  4  5  6  7  8  9 10 11 12 13 14 |
---------------+-------------------------------------------+-----
Fighting       | 3 4 5 6 7 8 10 12 13 | 13.1
Dodging        | 3 4 5 6 7 8 9 |  9.6
Maces & Flails | 5 6 8 9 11 12 14 15 16 | 16.9
Invocations    | 1 2 4 5 6 7 8 9 10 | 10.5
Armour         | 1 3 4 5 6 |  6.6
Throwing       | 4 5 7 |  7.5

Action                   |  1- 3 |  4- 6 |  7- 9 | 10-12 | 13-15 || total
-------------------------+-------+-------+-------+-------+-------++-------
Melee: Flail             |   106 |   284 |   306 |   826 |     5 ||  1527
       Punch             |       |       |     2 |     6 |       ||     8
       Dire flail        |       |       |       |       |   348 ||   348
       Great mace        |       |       |       |       |    80 ||    80
Throw: Throwing net      |       |       |       |     1 |       ||     1
Invok: Heroism           |       |     3 |     7 |     8 |     3 ||    21
Evoke: Deck              |       |       |       |       |    10 ||    10
       Wand              |       |       |       |       |     1 ||     1
  Use: Scroll            |       |     3 |    14 |     8 |     4 ||    29
       Potion            |       |       |     6 |     4 |     3 ||    13
 Stab: Sleeping          |       |     6 |     8 |     1 |       ||    15
       Distracted        |       |       |     1 |       |       ||     1
       Invisible         |       |       |       |     9 |       ||     9
       Held in net/web   |       |       |       |     2 |       ||     2
       Paralysed         |       |       |       |       |     1 ||     1
  Eat: Chunk             |     1 |    12 |    12 |    27 |    15 ||    67
       Beef jerky        |       |       |       |     2 |     4 ||     6
       Pizza             |       |       |       |     2 |       ||     2
       Bread ration      |       |       |       |     1 |       ||     1
Armor: Robe              |    43 |    67 |    80 |    81 |       ||   271
       Pearl dragon armo |       |       |       |   326 |   252 ||   578
Dodge: Dodged            |    60 |   173 |   134 |   447 |   207 ||  1021
